 Dungeon Sprint DCSS version 0.31-a0-75-g6fe912e8c5 (webtiles) character file.

Game seed: 15062276601709840751

0 sircluck the Trooper (level 1, -1/18 HPs)
             Began as a Formicid Berserker on May 23, 2023.
             Was a Follower of Trog.
             Slain by a worm (9 damage)
             ... in the Dungeon (Sprint II: "The Violet Keep of Menkaure").
             The game lasted 00:00:27 (18 turns).

sircluck the Trooper (Formicid Berserker)             Turns: 18, Time: 00:00:28

Health: -1/18      AC:  2    Str: 21    XL:     1   Next: 0%
Magic:  1/1        EV: 12    Int:  6    God:    Trog [*.....]
Gold:   0          SH:  0    Dex: 13    Spells: 0/0 levels left

rFire   . . .        a - +0 hand axe
rCold   . . .        (no shield)
rNeg    . . .        b - +0 animal skin
rPois   .            (helmet unavailable)
rElec   .            (no cloak)
rCorr   .            (no gloves)
SInv    +            (no boots)
Will    .....        (no amulet)
Stlth   +            (no ring)
HPRegen 0.23/turn    (no ring)
MPRegen 0.07/turn

%: no passive effects
@: no status effects
A: permanent stasis, dig shafts and tunnels, antennae 3, four strong arms
a: Dig, Renounce Religion


You were in the Dungeon.
You worshipped Trog.
Trog was aware of your devotion.
You visited 1 branch

Inventory:

Hand Weapons
 a - a +0 hand axe (weapon)
Armour
 b - a +0 animal skin (worn)
Scrolls
 f - a scroll of blinking
Potions
 c - a potion of curing
 d - a potion of heal wounds
 e - 2 potions of magic


   Skills:
 + Level 3.2 Fighting
 + Level 3.0 Axes
 + Level 2.1 Armour
 + Level 1.7 Dodging


You couldn't memorise any spells.
You didn't know any spells.
Your spell library was empty.

Dungeon Overview and Level Annotations

Branches:
Dungeon (1/1)

Altars:


Innate Abilities, Weirdness & Mutations

You cannot be hasted, slowed, berserked, paralysed or teleported.
You can dig through walls and to a lower floor.
You have a pair of large antennae on your head. (SInv)
Your four strong arms can wield two-handed weapons with a shield.


Message History

There is a staircase leading out of the dungeon here.
You open the door. 2 boulder beetles come into view.
The boulder beetle leaps!
Found 243 gold pieces.
You close the door.
There is a staircase leading out of the dungeon here.
You open the door. 3 worms come into view.
There is an open door here.
Okay, then.
Okay, then.
Unknown command.
Okay, then.
The worm completely misses you.
There is an open door here.
You hit the worm but do no damage. The worm barely misses you.
You hit the worm.
The worm is lightly wounded.
You barely miss the worm. The worm barely misses you. The worm bites you!
Ouch! That really hurt!
You hit the worm.
The worm is moderately wounded.
You hit the worm. You hit the worm.
The worm is severely wounded.
You hit the worm. The worm bites you. The worm misses you.
You hit the worm.
The worm is severely wounded.
You hit the worm but do no damage. The worm misses you.
The worm barely misses you.
You hit the worm.
The worm is almost dead.
You hit the worm. You hit the worm.
You kill the worm!
Trog accepts your kill.
You hit the worm but do no damage. The worm bites you!
Ouch! That really hurt!
You die...

{ { { ##
##.# #+#
{
#.w{##.##
{ ##w.<.+
#@##.## {
#†###+# {
{ ## B#$
.○ B. ##.
.## { ##
## {


You could see a worm.

Vanquished Creatures
  A worm (D)
1 creature vanquished.

Notes
Turn   | Place    | Note
-------+----------+-------------------------------------------
     0 | D        | sircluck the Formicid Berserker began the quest for the
                  | Orb.
     0 | D        | Reached XP level 1. HP: 18/18 MP: 1/1
     3 | D        | Noticed a boulder beetle
     3 | D        | Noticed a boulder beetle
    18 | D        | Slain by a worm

Illustrated notes

Levels and vault maps discovered:
D:        the_violet_keep_of_menkaure [sprint2_stairs_cluster_1,
          sprint2_shoproom, sprint2_temple, sprint2_basic_supplies,
          sprint2_obstacle_5, sprint2_obstacle_3, sprint2_obstacle_2,
          sprint2_obstacle_7, sprint2_obstacle_4, sprint2_timed_cluster_1,
          sprint2_smallroom_cluster_1, sprint2_smallroom_final_cluster_1,
          sprint2_transparent_cluster_1, sprint2_second_timed_cluster_1,
          sprint2_sniper_area_1, sprint2_heavy_combat_area_1,
          sprint2_mutation_trap_area_1, sprint2_forest_area_1,
          sprint2_light_combat_area_1, sprint2_behind_water_1,
          sprint2_near_end_vault_1]

Action                     || total
---------------------------++-------
  Melee: Hand axe          ||     7
  Dodge: Dodged            ||     6

Table legend: (Time is in decaauts)
 A = Elapsed time spent in this place.
 B = Non-inter-level travel time spent in this place.
 C = Inter-level travel time spent in this place.
 D = Time resting spent in this place.
 E = Time spent auto-exploring this place.
 F = Levels seen in this place.
 G = Mean time per level.
                   A        B        C        D        E       F      G
               +--------+--------+--------+--------+--------+-----+--------+
         Total |     19 |     19 |      0 |      0 |      0 |   1 |   19.0 |
       Dungeon |     19 |     19 |      0 |      0 |      0 |   1 |   19.0 |
               +--------+--------+--------+--------+--------+-----+--------+

Top non-repeatable levels by time:
       D: 19 daAuts
